 Dungeon Crawl Stone Soup version 0.29.1-1-gd02db6906a (webtiles) character file.

Game seed: 6571274082240616096

107 NotreDorf the Poker (level 4, -1/38 HPs)
             Began as a Merfolk Berserker on Sept 11, 2022.
             Was a Believer of Trog.
             Slain by an adder (3 damage)
             ... on level 3 of the Dungeon on Sept 15, 2022.
             The game lasted 00:06:16 (2638 turns).

NotreDorf the Poker (Merfolk Berserker)             Turns: 2638, Time: 00:06:17

Health: -1/38      AC:  3    Str: 17    XL:     4   Next: 85%
Magic:  4/4        EV: 13    Int:  6    God:    Trog [**....]
Gold:   191        SH:  0    Dex: 15    Spells: 3/3 levels left

rFire   . . .      SeeInvis .   a - +0 spear
rCold   . . .      Faith    .   (no shield)
rNeg    . . .      Spirit   .   b - +0 animal skin
rPois   .          Reflect  .   (no helmet)
rElec   .          Harm     .   (no cloak)
rCorr   .          Rampage  .   o - +0 pair of gloves
Will    .....                   (no boots)
Stlth   +.........              (no amulet)
HPRegen 0.12/turn               (no ring)
MPRegen 0.09/turn               (no ring)

@: no status effects
A: (nimble swimmer 2), mertail
a: Renounce Religion, Berserk, Trog's Hand


You were on level 3 of the Dungeon.
You worshipped Trog.
Trog was pleased with you.
You visited 1 branch of the dungeon, and saw 3 of its levels.

You collected 191 gold pieces.

Inventory:

Hand Weapons
 a - a +0 spear (weapon)
Armour
 b - a +0 animal skin (worn)
 o - a +0 pair of gloves (worn)
Scrolls
 c - a scroll of immolation {unknown}
 g - a scroll of blinking {unknown}
 h - a scroll of teleportation {unknown}
 i - 3 scrolls of identify {unknown}
 k - a scroll of enchant armour {unknown}
 l - a scroll of enchant weapon {unknown}
 m - a scroll of poison {unknown}
 n - a scroll of amnesia {unknown}
Potions
 d - a potion of magic
 e - 2 potions of mutation {unknown}
 f - a potion of curing {unknown}
 j - a potion of lignification {unknown}


   Skills:
 + Level 4.3 Fighting
 + Level 5.2 Polearms
 - Level 1.3 Armour
 + Level 4.2 Dodging


You had 3 spell levels left.
You didn't know any spells.
Your spell library was empty.

Dungeon Overview and Level Annotations

Branches:
Dungeon (3/15)

Altars:


Innate Abilities, Weirdness & Mutations

((You are very nimble when in or above water. (Stealth+, EV+, Speed+++)))
Your lower body shifts to a powerful aquatic tail in water.


Message History

You hit the adder but do no damage.
The adder is severely wounded.
You feel sick. The bat hits you but does no damage. The adder misses you.
You hit the adder.
The adder is almost dead.
You feel sick.
You are no longer poisoned.
The bat hits you but does no damage. The adder bites you.
You barely miss the adder.
The adder is almost dead.
The adder bites you.
You hit the adder but do no damage.
The adder is almost dead.
The bat hits you but does no damage. The adder bites you.
* * * LOW HITPOINT WARNING * * *
The bat completely misses you.
You closely miss the adder.
The adder is almost dead.
The bat hits you but does no damage. The adder bites you.
* * * LOW HITPOINT WARNING * * *
You are poisoned.
The adder poisons you!
A giant cockroach comes into view.
You miss the adder.
The adder is almost dead.
You feel sick. The adder closely misses you.
The bat hits you but does no damage. The adder attacks as you move away!
The adder bites you but does no damage.
You feel sick. The bat hits you but does no damage.
You barely miss the adder.
The adder is almost dead.
You feel sick. The adder closely misses you.
You closely miss the adder.
The adder is almost dead.
You feel sick.
You are no longer poisoned.
The bat hits you but does no damage. The adder closely misses you.
It was a potion of magic.
Magic courses through your body. The bat completely misses you.
The adder bites you.
You die...

.......#
##..##.###########+### #
...................... .#
....#.......#.......##.#
.#......#......#.....).
.....#.....#.....#...#.##
...#....#....#....#......
#...#...#...#..b#S..#
..#..#..#..#..#.@#.....#
#.#.#.#.#.#.#.#†#.#B##.#
.##.##.###.##.##.##.#
##.###.# #.###.### # ###
### ####.## # ### #
##############
######.....)......#
.)..##............##


You could see an adder and a bat.

Vanquished Creatures
  4 adders
  2 worms (D:2)
  An orc (D:3)
  6 bats
  6 endoplasms
  3 giant cockroaches
  5 goblins
  5 hobgoblins
  6 jackals
  6 kobolds
  2 quokkas
  4 ball pythons
  4 frilled lizards
  5 rats
59 creatures vanquished.

Notes
Turn   | Place    | Note
-------+----------+-------------------------------------------
     0 | D:1      | NotreDorf the Merfolk Berserker began the quest for the
                  | Orb.
     0 | D:1      | Reached XP level 1. HP: 18/18 MP: 1/1
   212 | D:1      | Reached XP level 2. HP: 17/24 MP: 2/2
   427 | D:1      | Found a faded altar of an unknown god.
   948 | D:2      | Reached XP level 3. HP: 23/30 MP: 3/3
  1418 | D:2      | Upgraded the game from 0.29.0-15-g675c0067aa to
                  | 0.29.1-1-gd02db6906a
  1656 | D:2      | Reached ** piety under Trog
  1657 | D:2      | Reached XP level 4. HP: 37/37 MP: 4/4
  1671 | D:2      | Reached skill level 5 in Polearms
  2638 | D:3      | Slain by an adder

Illustrated notes

Levels and vault maps discovered:
D:1:      ncdulo_wetmaze, layout_basic, shapermc_ecumenical_altar_rom_forum
D:2:      layout_loops_corners, minmay_between
D:3:      layout_basic, minmay_increasing_density

Skill      XL: |  1  2  3  4 |
---------------+-------------+-----
Dodging        | 3 4 |  4.2
Fighting       | 4 |  4.3
Polearms       | 5 |  5.2
Armour         | |  1.3

Action                   |  1- 3 |  4- 6 || total
-------------------------+-------+-------++-------
Melee: Spear             |   135 |    95 ||   230
  Use: Potion            |       |     1 ||     1
 Stab: Sleeping          |     7 |     7 ||    14
Armor: Animal skin       |    12 |    36 ||    48
Dodge: Dodged            |    62 |    60 ||   122
